cohdb
Replays
Latest Replays
All Replays
Popular Replays
Top Player Replays
Match Explorer
How It Works
Community
CoH3 Stats
Reddit
Sign in to upload your games and track your stats! →
Sign in with Steam
Match 45957893
Unlisted
Match 45957893
Overview
Messages
Build Orders
End
Selects Special Operations Battlegroup
Selects M29 Weasel Recon Vehicle
Engineer Squad
M29 Weasel Recon Vehicle
Construct Weapon Support Center
M1919 Machine Gun Team
M1919 Machine Gun Team
Infantry Support Center
Selects Smoke Screen
Construct Motor Pool
Bazooka Squad
Selects SSF Commando Squad
M8 Greyhound Armored Car
Construct Medical Station
Scout Squad
SSF Commando Squad
Construct Tank Depot
Selects P-47 Anti-Infantry Loiter
Improved M9 Bazooka Rockets
Advanced Logistics
Survival Training
M4(105) Sherman Bulldozer
SSF Commando Squad
Engineer Squad
Selects M4A1 Sherman Whizbang
M4A1 Sherman Whizbang
Captain Retinue
nepuher
Grand.G
0
0
Comments
sign in to comment!
No comments posted yet!